 Dungeon Crawl Stone Soup version 0.22-a0-40-g3d2f077 (webtiles) character file.

8600 tidbits the Reanimator (level 11, -7/81 HPs)
             Began as a Gnoll Necromancer on Jan 4, 2018.
             Was an Elder of Cheibriados.
             Killed from afar by Harold (27 damage)
             ... with a bolt of fire
             ... on level 11 of the Dungeon.
             The game lasted 00:32:03 (2691 turns).

tidbits the Reanimator (Gnoll Necromancer)          Turns: 2691, Time: 00:32:05

Health: -7/81      AC:  3    Str: 19    XL:     11   Next: 33%
Magic:  10/23      EV: 19    Int: 31    God:    Cheibriados [****..]
Gold:   328        SH:  0    Dex: 24    Spells: 2/26 levels left

rFire    . . .     SeeInvis .   a - +2 dagger (elec)
rCold    + . .     Gourm    .   (no shield)
rNeg     . . .     Faith    .   m - +0 robe
rPois    .         Spirit   .   (no helmet)
rElec    .         Reflect  .   (no cloak)
rCorr    .         Harm     .   (no gloves)
MR       +....                  F - +0 pair of boots
Stlth    ++++......             (no amulet)
HPRegen  0.23/turn              p - ring of protection from cold
MPRegen  0.18/turn              H - ring of protection from magic

@: very slightly contaminated, very slow
A: distributed training, fangs 1, strong nose
a: Bend Time, Temporal Distortion, Slouch, Renounce Religion


You were on level 11 of the Dungeon.
You worshipped Cheibriados.
Cheibriados was greatly pleased with you.
You were not hungry.

You visited 2 branches of the dungeon, and saw 13 of its levels.

You collected 613 gold pieces.
You spent 285 gold pieces at shops.

Inventory:

Hand Weapons
 a - a +2 dagger of electrocution (weapon)
   (You took it off a goblin on level 3 of the Dungeon)
 f - a +0 morningstar
 j - a +0 blowgun
 u - a +1 trident of venom
   (You found it on level 5 of the Dungeon)
 v - the +3 whip of Supply {venom, rElec rN+ MP+9}
   (You found it on level 5 of the Dungeon)

   It poisons the flesh of those it strikes.
   It insulates you from electricity.
   It protects you from negative energy.
   It affects your magic capacity (+9).
 E - a +2 flail of crushing
   (You took it off an orc on level 11 of the Dungeon)
Missiles
 d - 53 bolts
 i - 6 javelins of penetration
 n - 12 poisoned needles
 r - 95 arrows
 s - 10 sling bullets
 A - a throwing net {!f}
 G - 4 tomahawks
 N - 5 poisoned tomahawks (quivered)
Armour
 m - a +0 robe (worn)
 t - a +0 shield
 F - a +0 pair of boots (worn)
Jewellery
 p - a ring of protection from cold (left hand)
   (You found it on level 8 of the Dungeon)
 y - an uncursed ring of ice
   (You found it on level 6 of the Dungeon)
 H - a ring of protection from magic (right hand)
   (You found it on level 11 of the Dungeon)
 J - an uncursed ring of protection from magic
   (You found it on level 10 of the Dungeon)
Wands
 o - a wand of digging (10)
 I - a wand of paralysis (6)
Scrolls
 h - a scroll of magic mapping
 l - a scroll of noise
 w - a scroll of silence {unknown}
 B - 2 scrolls of fear
 D - a scroll of random uselessness
 L - a scroll of immolation {unknown}
 M - a scroll of blinking
 O - 2 scrolls of fog {unknown}
 P - a scroll of teleportation
Potions
 e - a potion of agility
 k - 2 potions of ambrosia
 q - a potion of curing
 x - a potion of flight
 z - a potion of cancellation
 C - 2 potions of haste
Books
 b - a book of Necromancy

   Spells                             Type                      Level
   a - Pain                           Necromancy                   1
   b - Animate Skeleton               Necromancy                   1
   c - Vampiric Draining              Necromancy                   3
   d - Regeneration                   Charms/Necromancy            3
   e - Animate Dead                   Necromancy                   4
   f - Borgnjor's Vile Clutch         Necromancy/Earth             5
 g - a Young Poisoner's Handbook
   (You found it on level 10 of the Dungeon)

   Spells                             Type                      Level
   a - Sting                          Conjuration/Poison           1
   b - Poisonous Vapours              Poison/Air                   2
   c - Mephitic Cloud                 Conjuration/Poison/Air       3
   d - Olgreb's Toxic Radiance        Poison                       4
   e - Venom Bolt                     Conjuration/Poison           5
 K - a book of Callings
   (You found it on level 9 of the Dungeon)

   Spells                             Type                      Level
   a - Summon Small Mammal            Summoning                    1
   b - Call Imp                       Summoning                    2
   c - Call Canine Familiar           Summoning                    3
   d - Summon Guardian Golem          Hexes/Summoning              3
   e - Summon Lightning Spire         Summoning/Air                4
   f - Summon Ice Beast               Ice/Summoning                4
Comestibles
 c - 5 rations


   Skills:
 + Level 6.1 Fighting
 + Level 6.1 Short Blades
 + Level 6.1 Long Blades
 + Level 6.1 Axes
 + Level 6.1 Maces & Flails
 + Level 6.1 Polearms
 + Level 6.1 Staves
 + Level 6.1 Slings
 + Level 6.1 Bows
 + Level 6.1 Crossbows
 + Level 6.1 Throwing
 + Level 6.1 Armour
 + Level 7.7 Dodging
 + Level 7.4 Stealth
 + Level 6.1 Shields
 + Level 6.1 Unarmed Combat
 + Level 8.0 Spellcasting
 + Level 5.0 Conjurations
 + Level 5.0 Hexes
 + Level 5.0 Charms
 + Level 5.0 Summonings
 + Level 8.8 Necromancy
 + Level 5.0 Translocations
 + Level 5.0 Transmutations
 + Level 5.0 Fire Magic
 + Level 5.0 Ice Magic
 + Level 5.0 Air Magic
 + Level 5.0 Earth Magic
 + Level 5.0 Poison Magic
 + Level 6.7 Invocations
 + Level 6.1 Evocations


You had 2 spell levels left.
You knew the following spells:

 Your Spells              Type           Power        Failure   Level  Hunger
a - Pain                  Necr           ####         1%          1    None
d - Vampiric Draining     Necr           ######....   1%          3    None
m - Mephitic Cloud        Conj/Pois/Air  #####...     1%          3    None
n - Animate Skeleton      Necr           N/A          1%          1    None
r - Regeneration          Chrm/Necr      ######....   1%          3    None
v - Borgnjor's Vile Clut  Necr/Erth      ######....   6%          5    ####...
L - Summon Lightning Spi  Summ/Air       #####...     4%          4    #......
N - Animate Dead          Necr           N/A          1%          4    #......


Dungeon Overview and Level Annotations

Branches:
Dungeon (12/15)            Temple (1/1) D:5
   Lair: D:8-11         Orc: D:9-12

Altars:
Ashenzari
Cheibriados
Dithmenos
Elyvilon
Gozag
Hepliaklqana
Kikubaaqudgha
Nemelex Xobeh
Okawaru
Ru
Vehumet

Shops:
D:10 [   D:11 [}

Annotations:
D:3 Grinder, Ijyb
D:11 Harold


Innate Abilities, Weirdness & Mutations

Your experience applies equally to all skills.
You have very sharp teeth.
Your uncanny sense of smell can sniff out nearby items.


Message History

Level annotation: Harold
There is a stone staircase leading up here.
Casting: Animate Dead
Confirm with . or Enter, or press ? or * to list all spells.
Aiming: Pain
Press: ? - help, Shift-Dir - straight line, f - scorpion
Aim: a scorpion (hasn't noticed you, chance to defeat MR: 84%)
The scorpion writhes in agony!
Casting: Pain
Confirm with . or Enter, or press ? or * to list all spells.
Aiming: Pain
Press: ? - help, Shift-Dir - straight line, f/p - scorpion
Aim: a scorpion (lightly wounded, chance to defeat MR: 84%)
The scorpion writhes in agony!
The yak bellows!
You hit the scorpion. Lightning courses through the scorpion!
You kill the scorpion!
Cheibriados thoroughly appreciates the change of pace.
You barely miss the yak. You hit the yak. Lightning courses through the yak!
The yak is moderately wounded.
The yak completely misses you.
You barely miss the yak. You bite the yak, but do no damage.
The yak is moderately wounded.
The yak closely misses you.
You closely miss the yak.
The yak is moderately wounded.
You hit the yak but do no damage. Lightning courses through the yak!
The yak is severely wounded.
The yak gores you!
You hit the yak.
The yak is almost dead.
The yak closely misses you.
You barely miss the yak.
The yak is almost dead.
You hit the yak.
The yak is almost dead.
The yak completely misses you.
You hit the yak. You bite the yak, but do no damage.
The yak is almost dead.
The yak misses you.
Casting: Pain
Confirm with . or Enter, or press ? or * to list all spells.
Aiming: Borgnjor's Vile Clutch
Press: ? - help, Dir - move target cursor, f - yak
Aim: a yak (almost dead) Decaying hands burst forth from the earth!
Zombie hands grab the yak. x2
The zombie hands constrict the yak.
You kill the yak!
Cheibriados thoroughly appreciates the change of pace.
The zombie hands constrict the yak!
Unknown command.
The zombie hands constrict the yak!
The yak gores you. The yak completely misses you.
You hit the yak but do no damage.
The yak is severely wounded.
The zombie hands constrict the yak!
The yak barely misses you.
You hit the yak. Lightning courses through the yak!
You kill the yak!
Cheibriados appreciates the change of pace.
Your Spellcasting skill increases to level 8!
Casting: Borgnjor's Vile Clutch
Confirm with . or Enter, or press ? or * to list all spells.
Aiming: Borgnjor's Vile Clutch
Press: ? - help, Dir - move target cursor, f - Harold
Aim: Harold, wielding a flail of holy wrath and wearing a ring mail (hasn't noticed you)
You miscast Borgnjor's Vile Clutch.
You are very lightly contaminated with residual magic.
You momentarily stiffen.
Harold shouts!
Harold casts a spell at you. The bolt of fire hits you!
Ouch! That really hurt!
* * * LOW HITPOINT WARNING * * *
Casting: Borgnjor's Vile Clutch
Confirm with . or Enter, or press ? or * to list all spells.
Aiming: Borgnjor's Vile Clutch
Press: ? - help, Dir - move target cursor, f/p - Harold
Aim: Harold, wielding a flail of holy wrath and wearing a ring mail Decaying hands burst forth from the earth!
Zombie hands grab Harold.
The zombie hands constrict Harold.
Harold throws a throwing net.
The throwing net barely misses you.
Evoke which item? (* to show all) (? for menu, Esc to quit)
Aiming: Paralyse
Press: ? - help, Shift-Dir - straight line, f/p - Harold
Aim: Harold, wielding a flail of holy wrath and wearing a ring mail (lightly wounded, constricted by zombie hands, chance to defeat MR: 29%) Harold easily resists.
The zombie hands constrict Harold!
Harold casts a spell at you. The bolt of fire hits you!
* * * LOW HITPOINT WARNING * * *
Evoke which item? (* to show all) (? for menu, Esc to quit)
Aiming: Paralyse
Press: ? - help, Shift-Dir - straight line, f/p - Harold
Aim: Harold, wielding a flail of holy wrath and wearing a ring mail (moderately wounded, constricted by zombie hands, chance to defeat MR: 29%) Harold easily resists.
The zombie hands constrict Harold!!
Harold points at you and mumbles some strange words.
The bolt of fire hits you!
You die...

######## ##......# #.......# ####
#...# #.. # ###.# #.# #.
#...####.######### .
..#..#................# ..
..'.........†.†<...##.#
Y..#########.@.@....(.........#
..D..#..'.....#####.####.#..#
#..#..#..#..# #.# #.#..#
#..(DZ#..#..# #.# #.#..##
####.(.Y.####### ##.####.#..##
..#...(...(...#..# .............
......#####......# ##...........
###.##.#(..%####.##.#######....##
.. #.#.##.###[............†....


You could see Harold.

Vanquished Creatures
  A two-headed ogre (D:11)
  A hydra (D:11)
  2 unseen horrors
  An ugly thing (D:11)
  A komodo dragon (D:10)
  A hornet (D:11)
  A hippogriff (D:12)
  A wraith (D:10)
  11 yaks
  2 wargs (D:11)
  2 orc warriors
  An ice beast (D:11)
  A phantom (D:10)
  2 ogres
  A centaur (D:11)
  A big kobold (D:9)
  A bullfrog (D:9)
  A scorpion (D:11)
  A water moccasin skeleton (D:6)
  6 wights
  5 killer bees (D:11)
  A centaur zombie (D:8)
  5 hounds
  4 orc wizards
  5 orc priests
  2 iguanas
  2 worker ants
  7 gnolls (D:5)
  A worker ant zombie (D:9)
  6 adders
  2 oozes
  An adder zombie (D:6)
  An adder skeleton (D:6)
  A worm (D:4)
  2 dart slugs (D:1)
  2 leopard geckos
  16 orcs
  A bat (D:2)
  3 giant cockroaches
  6 goblins
  A hobgoblin (D:2)
  5 jackals (D:2)
  10 kobolds
  A quokka (D:9)
  3 rats
132 creatures vanquished.

Vanquished Creatures (collateral kills)
  A two-headed ogre (D:11)
  A death yak (D:9)
  A troll (D:11)
  5 yaks (D:9)
  A wight (D:9)
  An electric eel (D:9)
  An orc priest (D:11)
  2 adders
  2 orcs (D:11)
15 creatures vanquished.

Grand Total: 147 creatures vanquished

Notes
Turn   | Place    | Note
-------+----------+-------------------------------------------
     0 | D:1      | tidbits the Gnoll Necromancer began the quest for the Orb.
     0 | D:1      | Reached XP level 1. HP: 13/13 MP: 6/6
    72 | D:1      | Reached XP level 2. HP: 14/19 MP: 5/7
   173 | D:2      | Found a shadowy altar of Dithmenos.
   270 | D:2      | Reached XP level 3. HP: 17/25 MP: 3/9
   316 | D:3      | Reached skill level 5 in Spellcasting
   341 | D:3      | Found an opulent altar of Gozag.
   406 | D:3      | Reached skill level 1 in Fighting
   406 | D:3      | Reached skill level 1 in Short Blades
   406 | D:3      | Reached skill level 1 in Long Blades
   406 | D:3      | Reached skill level 1 in Axes
   406 | D:3      | Reached skill level 1 in Maces & Flails
   406 | D:3      | Reached skill level 1 in Polearms
   406 | D:3      | Reached skill level 1 in Staves
   406 | D:3      | Reached skill level 1 in Slings
   406 | D:3      | Reached skill level 1 in Bows
   406 | D:3      | Reached skill level 1 in Crossbows
   406 | D:3      | Reached skill level 1 in Throwing
   406 | D:3      | Reached skill level 1 in Armour
   406 | D:3      | Reached skill level 1 in Shields
   406 | D:3      | Reached skill level 1 in Unarmed Combat
   406 | D:3      | Reached skill level 1 in Invocations
   406 | D:3      | Reached skill level 1 in Evocations
   406 | D:3      | Reached XP level 4. HP: 12/32 MP: 4/11
   458 | D:3      | Reached skill level 1 in Conjurations
   458 | D:3      | Reached skill level 1 in Hexes
   458 | D:3      | Reached skill level 1 in Charms
   458 | D:3      | Reached skill level 1 in Summonings
   458 | D:3      | Reached skill level 1 in Translocations
   458 | D:3      | Reached skill level 1 in Transmutations
   458 | D:3      | Reached skill level 1 in Fire Magic
   458 | D:3      | Reached skill level 1 in Ice Magic
   458 | D:3      | Reached skill level 1 in Air Magic
   458 | D:3      | Reached skill level 1 in Earth Magic
   458 | D:3      | Reached skill level 1 in Poison Magic
   468 | D:3      | Learned a level 3 spell: Regeneration
   472 | D:3      | Learned a level 3 spell: Vampiric Draining
   474 | D:3      | Learned a level 1 spell: Animate Skeleton
   537 | D:3      | Reached XP level 5. HP: 11/37 MP: 0/12
   548 | D:3      | Noticed Grinder
   554 | D:3      | Noticed Ijyb
   630 | D:4      | Found an iron altar of Okawaru.
   642 | D:5      | Entered Level 5 of the Dungeon
   770 | D:8      | Reached XP level 6. HP: 44/44 MP: 6/13
   787 | D:8      | Reached skill level 2 in Invocations
   881 | D:7      | Reached skill level 5 in Dodging
   944 | D:5      | Reached skill level 2 in Fighting
   944 | D:5      | Reached skill level 2 in Short Blades
   944 | D:5      | Reached skill level 2 in Long Blades
   944 | D:5      | Reached skill level 2 in Axes
   944 | D:5      | Reached skill level 2 in Maces & Flails
   944 | D:5      | Reached skill level 2 in Polearms
   944 | D:5      | Reached skill level 2 in Staves
   944 | D:5      | Reached skill level 2 in Slings
   944 | D:5      | Reached skill level 2 in Bows
   944 | D:5      | Reached skill level 2 in Crossbows
   944 | D:5      | Reached skill level 2 in Throwing
   944 | D:5      | Reached skill level 2 in Armour
   944 | D:5      | Reached skill level 2 in Shields
   944 | D:5      | Reached skill level 2 in Unarmed Combat
   944 | D:5      | Reached skill level 2 in Evocations
   952 | D:5      | Found a staircase to the Ecumenical Temple.
   970 | D:5      | HP: 1/66 [orc priest/divine providence (9)]
   976 | D:5      | HP: 3/66 [gnoll (5)]
   979 | D:5      | Reached XP level 7. HP: 7/50 MP: 2/15
   984 | D:5      | HP: 7/75 [gnoll/club (3)]
  1003 | Temple   | Entered the Ecumenical Temple
  1041 | Temple   | Became a worshipper of Cheibriados the Contemplative
  1159 | D:5      | Learned a level 5 spell: Borgnjor's Vile Clutch
  1212 | D:5      | Got a faintly glowing whip
  1223 | D:5      | Identified the +3 whip of Supply {venom, rElec rN+ MP+9} (You found it on level 5 of the Dungeon)
  1339 | D:6      | Reached skill level 2 in Conjurations
  1339 | D:6      | Reached skill level 2 in Hexes
  1339 | D:6      | Reached skill level 2 in Charms
  1339 | D:6      | Reached skill level 2 in Summonings
  1339 | D:6      | Reached skill level 2 in Translocations
  1339 | D:6      | Reached skill level 2 in Transmutations
  1339 | D:6      | Reached skill level 2 in Fire Magic
  1339 | D:6      | Reached skill level 2 in Ice Magic
  1339 | D:6      | Reached skill level 2 in Air Magic
  1339 | D:6      | Reached skill level 2 in Earth Magic
  1339 | D:6      | Reached skill level 2 in Poison Magic
  1365 | D:6      | Reached skill level 5 in Stealth
  1414 | D:6      | Reached * piety under Cheibriados
  1414 | D:6      | Reached skill level 3 in Invocations
  1575 | D:10     | Entered Level 10 of the Dungeon
  1628 | D:10     | Reached XP level 8. HP: 50/57 MP: 10/16
  1629 | D:10     | Reached skill level 3 in Fighting
  1629 | D:10     | Reached skill level 3 in Short Blades
  1629 | D:10     | Reached skill level 3 in Long Blades
  1629 | D:10     | Reached skill level 3 in Axes
  1629 | D:10     | Reached skill level 3 in Maces & Flails
  1629 | D:10     | Reached skill level 3 in Polearms
  1629 | D:10     | Reached skill level 3 in Staves
  1629 | D:10     | Reached skill level 3 in Slings
  1629 | D:10     | Reached skill level 3 in Bows
  1629 | D:10     | Reached skill level 3 in Crossbows
  1629 | D:10     | Reached skill level 3 in Throwing
  1629 | D:10     | Reached skill level 3 in Armour
  1629 | D:10     | Reached skill level 3 in Shields
  1629 | D:10     | Reached skill level 3 in Unarmed Combat
  1629 | D:10     | Reached skill level 3 in Evocations
  1675 | D:11     | Reached skill level 6 in Spellcasting
  1682 | D:11     | Found Yderock's Gadget Shop.
  1716 | D:11     | Bought a wand of paralysis (17) for 285 gold pieces
  1762 | D:11     | Noticed a hornet
  1780 | D:11     | Reached ** piety under Cheibriados
  1785 | D:11     | Killed a hornet
  1785 | D:11     | Reached skill level 3 in Conjurations
  1785 | D:11     | Reached skill level 3 in Hexes
  1785 | D:11     | Reached skill level 3 in Charms
  1785 | D:11     | Reached skill level 3 in Summonings
  1785 | D:11     | Reached skill level 3 in Translocations
  1785 | D:11     | Reached skill level 3 in Transmutations
  1785 | D:11     | Reached skill level 3 in Fire Magic
  1785 | D:11     | Reached skill level 3 in Ice Magic
  1785 | D:11     | Reached skill level 3 in Air Magic
  1785 | D:11     | Reached skill level 3 in Earth Magic
  1785 | D:11     | Reached skill level 3 in Poison Magic
  1785 | D:11     | Reached skill level 4 in Invocations
  1799 | D:11     | Noticed an eight-headed hydra
  1804 | D:11     | Reached skill level 6 in Dodging
  1804 | D:11     | Reached XP level 9. HP: 24/65 MP: 12/18
  1807 | D:11     | Killed an eight-headed hydra
  1807 | D:11     | Reached skill level 4 in Fighting
  1807 | D:11     | Reached skill level 4 in Short Blades
  1807 | D:11     | Reached skill level 4 in Long Blades
  1807 | D:11     | Reached skill level 4 in Axes
  1807 | D:11     | Reached skill level 4 in Maces & Flails
  1807 | D:11     | Reached skill level 4 in Polearms
  1807 | D:11     | Reached skill level 4 in Staves
  1807 | D:11     | Reached skill level 4 in Slings
  1807 | D:11     | Reached skill level 4 in Bows
  1807 | D:11     | Reached skill level 4 in Crossbows
  1807 | D:11     | Reached skill level 4 in Throwing
  1807 | D:11     | Reached skill level 4 in Armour
  1807 | D:11     | Reached skill level 6 in Stealth
  1807 | D:11     | Reached skill level 4 in Shields
  1807 | D:11     | Reached skill level 4 in Unarmed Combat
  1807 | D:11     | Reached skill level 8 in Necromancy
  1807 | D:11     | Reached skill level 4 in Evocations
  1825 | D:11     | Killed an unseen horror
  1825 | D:11     | Reached skill level 5 in Invocations
  1845 | D:11     | Found Atephaci's Armour Shoppe.
  1865 | D:11     | Noticed a two-headed ogre
  1868 | D:11     | Killed a two-headed ogre
  1868 | D:11     | Reached skill level 7 in Spellcasting
  1868 | D:11     | Reached XP level 10. HP: 64/73 MP: 11/20
  1886 | D:12     | Reached skill level 4 in Conjurations
  1886 | D:12     | Reached skill level 4 in Hexes
  1886 | D:12     | Reached skill level 4 in Charms
  1886 | D:12     | Reached skill level 4 in Summonings
  1886 | D:12     | Reached skill level 4 in Translocations
  1886 | D:12     | Reached skill level 4 in Transmutations
  1886 | D:12     | Reached skill level 4 in Fire Magic
  1886 | D:12     | Reached skill level 4 in Ice Magic
  1886 | D:12     | Reached skill level 4 in Air Magic
  1886 | D:12     | Reached skill level 4 in Earth Magic
  1886 | D:12     | Reached skill level 4 in Poison Magic
  1918 | D:11     | Noticed a two-headed ogre
  1929 | D:11     | Killed a two-headed ogre
  1929 | D:11     | Reached skill level 5 in Fighting
  1929 | D:11     | Reached skill level 5 in Short Blades
  1929 | D:11     | Reached skill level 5 in Long Blades
  1929 | D:11     | Reached skill level 5 in Axes
  1929 | D:11     | Reached skill level 5 in Maces & Flails
  1929 | D:11     | Reached skill level 5 in Polearms
  1929 | D:11     | Reached skill level 5 in Staves
  1929 | D:11     | Reached skill level 5 in Slings
  1929 | D:11     | Reached skill level 5 in Bows
  1929 | D:11     | Reached skill level 5 in Crossbows
  1929 | D:11     | Reached skill level 5 in Throwing
  1929 | D:11     | Reached skill level 5 in Armour
  1929 | D:11     | Reached skill level 5 in Shields
  1929 | D:11     | Reached skill level 5 in Unarmed Combat
  1929 | D:11     | Reached skill level 5 in Evocations
  1947 | D:11     | Noticed a brown ugly thing
  1981 | D:11     | Reached skill level 7 in Dodging
  2007 | D:11     | Killed a brown ugly thing
  2012 | D:11     | HP: 3/74 [acid (17)]
  2017 | D:11     | Noticed Harold
  2079 | D:10     | Learned a level 3 spell: Mephitic Cloud
  2132 | D:10     | Found Pofochan's Antique Armour Emporium.
  2209 | D:10     | Killed an unseen horror
  2209 | D:10     | Reached skill level 7 in Stealth
  2209 | D:10     | Reached skill level 6 in Invocations
  2290 | D:9      | Learned a level 4 spell: Summon Lightning Spire
  2296 | D:9      | Reached *** piety under Cheibriados
  2349 | D:9      | Noticed a death yak
  2356 | D:9      | Reached XP level 11. HP: 62/81 MP: 13/22
  2362 | D:9      | Killed a death yak
  2363 | D:9      | Reached skill level 6 in Fighting
  2363 | D:9      | Reached skill level 6 in Short Blades
  2363 | D:9      | Reached skill level 6 in Long Blades
  2363 | D:9      | Reached skill level 6 in Axes
  2363 | D:9      | Reached skill level 6 in Maces & Flails
  2363 | D:9      | Reached skill level 6 in Polearms
  2363 | D:9      | Reached skill level 6 in Staves
  2363 | D:9      | Reached skill level 6 in Slings
  2363 | D:9      | Reached skill level 6 in Bows
  2363 | D:9      | Reached skill level 6 in Crossbows
  2363 | D:9      | Reached skill level 6 in Throwing
  2363 | D:9      | Reached skill level 6 in Armour
  2363 | D:9      | Reached skill level 6 in Shields
  2363 | D:9      | Reached skill level 6 in Unarmed Combat
  2363 | D:9      | Reached skill level 6 in Evocations
  2370 | D:9      | Reached skill level 5 in Conjurations
  2370 | D:9      | Reached skill level 5 in Hexes
  2370 | D:9      | Reached skill level 5 in Charms
  2370 | D:9      | Reached skill level 5 in Summonings
  2370 | D:9      | Reached skill level 5 in Translocations
  2370 | D:9      | Reached skill level 5 in Transmutations
  2370 | D:9      | Reached skill level 5 in Fire Magic
  2370 | D:9      | Reached skill level 5 in Ice Magic
  2370 | D:9      | Reached skill level 5 in Air Magic
  2370 | D:9      | Reached skill level 5 in Earth Magic
  2370 | D:9      | Reached skill level 5 in Poison Magic
  2443 | D:9      | Reached **** piety under Cheibriados
  2495 | D:9      | Learned a level 4 spell: Animate Dead
  2682 | D:11     | Reached skill level 8 in Spellcasting
  2691 | D:11     | Killed from afar by Harold

Vault maps used:
D:1:      onia_arrival_pentagram, serial_glass, glass_columns_a,
          glass_columns_c, minmay_strange_pillars, feat_on_display
D:2:      wad_lake_hut, grunt_dithmenos_smoke, bloody_trog,
          uniq_crazy_yiuf_cottage
D:3:      nicolae_gozag_seed_capital, first_ration, uniq_grinder, uniq_ijyb
D:4:      kennysheep_okawaru_gauntlet
D:5:      minmay_temple_entry_statues_fountains
D:7:      kennysheep_little_box, serial_shops, shop, grunt_livestock
D:8:      amethyst_killhole
D:9:      argonaut_augean_stables
D:10:     serial_shops, nicolae_shop_trees, st_stairs_4, lemuel_flamethrower_1
D:11:     erik_lair_orcish_takeover, serial_shops, shop, shop_coins,
          nicolae_shop_trees, hangedman_ru_absence, uniq_harold
D:12:     hiddenorc2_lemuel, lightli_corner_chamber, uniq_psyche
Temple:   hc_temple_tempest_star

Skill      XL: |  1  2  3  4  5  6  7  8  9 10 11 |
---------------+----------------------------------+-----
Spellcasting   | 5 6 7 8 |  8.0
Fighting       | 1 2 3 4 5 6 |  6.1
Short Blades   | 1 2 3 4 5 6 |  6.1
Long Blades    | 1 2 3 4 5 6 |  6.1
Axes           | 1 2 3 4 5 6 |  6.1
Maces & Flails | 1 2 3 4 5 6 |  6.1
Polearms       | 1 2 3 4 5 6 |  6.1
Staves         | 1 2 3 4 5 6 |  6.1
Slings         | 1 2 3 4 5 6 |  6.1
Bows           | 1 2 3 4 5 6 |  6.1
Crossbows      | 1 2 3 4 5 6 |  6.1
Throwing       | 1 2 3 4 5 6 |  6.1
Armour         | 1 2 3 4 5 6 |  6.1
Shields        | 1 2 3 4 5 6 |  6.1
Unarmed Combat | 1 2 3 4 5 6 |  6.1
Invocations    | 1 2 3 4 5 6 |  6.7
Evocations     | 1 2 3 4 5 6 |  6.1
Conjurations   | 1 2 3 4 5 |  5.0
Hexes          | 1 2 3 4 5 |  5.0
Charms         | 1 2 3 4 5 |  5.0
Summonings     | 1 2 3 4 5 |  5.0
Translocations | 1 2 3 4 5 |  5.0
Transmutations | 1 2 3 4 5 |  5.0
Fire Magic     | 1 2 3 4 5 |  5.0
Ice Magic      | 1 2 3 4 5 |  5.0
Air Magic      | 1 2 3 4 5 |  5.0
Earth Magic    | 1 2 3 4 5 |  5.0
Poison Magic   | 1 2 3 4 5 |  5.0
Dodging        | 5 6 7 |  7.7
Stealth        | 5 6 7 |  7.4
Necromancy     | 8 |  8.8

Action                   |  1- 3 |  4- 6 |  7- 9 | 10-12 || total
-------------------------+-------+-------+-------+-------++-------
Melee: Dagger            |     9 |    72 |   121 |    96 ||   298
       Unarmed           |     1 |       |       |       ||     1
       Bite              |       |     9 |     4 |    13 ||    26
       Punch             |       |       |       |     5 ||     5
Throw: Javelin           |       |       |     3 |     7 ||    10
       Tomahawk          |       |       |     1 |     5 ||     6
 Cast: Pain              |    27 |    28 |     2 |     2 ||    59
       Regeneration      |       |     4 |    11 |    13 ||    28
       Vampiric Draining |       |     9 |     4 |     3 ||    16
       Animate Skeleton  |       |     1 |     6 |     3 ||    10
       Borgnjor's Vile C |       |       |     8 |     9 ||    17
       Summon Lightning  |       |       |       |     4 ||     4
       Animate Dead      |       |       |       |     1 ||     1
Invok: Bend Time         |       |       |       |     1 ||     1
Evoke: Wand              |       |       |     6 |    15 ||    21
  Use: Scroll            |     2 |     4 |     2 |     5 ||    13
       Potion            |       |     9 |     2 |     2 ||    13
 Stab: Sleeping          |     4 |     4 |     2 |     4 ||    14
       Distracted        |       |       |     1 |     1 ||     2
       Paralysed         |       |       |     1 |       ||     1
  Eat: Chunk             |       |       |     3 |     1 ||     4
       Ration            |       |       |     1 |     1 ||     2
Armor: Robe              |     1 |     5 |    10 |     4 ||    20
       Skin              |       |    14 |    41 |    29 ||    84
Dodge: Dodged            |     6 |    65 |    81 |    75 ||   227

Table legend:
 A = Spawn XP
 B = Non-spawn XP
 C = Spawn XP percentage of total XP
 D = Spawn monster count
 E = Non-spawn monster count
 F = Spawn count percentage of total count
 G = Total turns spent on level
                    A         B        C        D         E        F      G
               +---------+---------+-------+---------+---------+-------+---------
         Total |       0 |   12286 |   0.0 |       0 |     147 |   0.0 |  2691
               +---------+---------+-------+---------+---------+-------+---------
           D:1 |       0 |      16 |   0.0 |       0 |       7 |   0.0 |   138
           D:2 |       0 |      21 |   0.0 |       0 |      11 |   0.0 |   170
           D:3 |       0 |     156 |   0.0 |       0 |      12 |   0.0 |   247
           D:4 |       0 |      44 |   0.0 |       0 |       4 |   0.0 |    89
           D:5 |       0 |     302 |   0.0 |       0 |      16 |   0.0 |   323
           D:6 |       0 |     506 |   0.0 |       0 |      14 |   0.0 |   239
           D:7 |       0 |      26 |   0.0 |       0 |       2 |   0.0 |   138
           D:8 |       0 |     121 |   0.0 |       0 |       3 |   0.0 |    91
           D:9 |       0 |    3119 |   0.0 |       0 |      30 |   0.0 |   436
          D:10 |       0 |    1711 |   0.0 |       0 |      10 |   0.0 |   334
          D:11 |       0 |    6029 |   0.0 |       0 |      37 |   0.0 |   402
          D:12 |       0 |     235 |   0.0 |       0 |       1 |   0.0 |    14
               +---------+---------+-------+---------+---------+-------+---------

Table legend:
 A = Turns spent in this place as a percentage of turns spent in the entire game.
 B = Non-inter-level travel turns spent in this place as a percentage of non-inter-level travel turns spent in the entire game.
 C = Inter-level travel turns spent in this place as a percentage of turns spent in this place.
 D = Turns resting spent in this place as a percentage of non-inter-level travel turns spent in this place.
 E = Turns spent auto-exploring this place as a percentage of non-inter-level travel turns spent in this place.
 F = Non-inter-level travel turns spent in this place divided by the number of levels of this place that you've seen.
                   A       B       C       D       E      F
               +-------+-------+-------+-------+-------+----------------------
         Total | 100.0 | 100.0 |   1.8 |   0.0 |   0.0 | 203.2
       Dungeon |  97.4 |  98.3 |   0.9 |   0.0 |   0.0 | 216.4
        Temple |   2.6 |   1.7 |  35.7 |   0.0 |   0.0 |  45.0
               +-------+-------+-------+-------+-------+----------------------

Table legend:
 A = Kills in this place as a percentage of kills in entire the game.
 B = Kills by you in this place as a percentage of kills by you in the entire game.
 C = Kills by friends in this place as a percentage of kills by friends in the entire game.
 D = Other kills in this place as a percentage of other kills in the entire game.
 E = Experience gained in this place as a percentage of experience gained in the entire game.
 F = Experience gained in this place divided by the number of levels of this place that you have seen.
                   A       B       C       D       E      F
               +-------+-------+-------+-------+-------+----------------------
         Total | 100.0 | 100.0 | 100.0 |   N/A | 100.0 | 945.1
       Dungeon | 100.0 | 100.0 | 100.0 |   N/A | 100.0 | 1023.8
               +-------+-------+-------+-------+-------+----------------------

Vault maps used:
D:1:      onia_arrival_pentagram, serial_glass, glass_columns_a,
          glass_columns_c, minmay_strange_pillars, feat_on_display
D:2:      wad_lake_hut, grunt_dithmenos_smoke, bloody_trog,
          uniq_crazy_yiuf_cottage
D:3:      nicolae_gozag_seed_capital, first_ration, uniq_grinder, uniq_ijyb
D:4:      kennysheep_okawaru_gauntlet
D:5:      minmay_temple_entry_statues_fountains
D:7:      kennysheep_little_box, serial_shops, shop, grunt_livestock
D:8:      amethyst_killhole
D:9:      argonaut_augean_stables
D:10:     serial_shops, nicolae_shop_trees, st_stairs_4, lemuel_flamethrower_1
D:11:     erik_lair_orcish_takeover, serial_shops, shop, shop_coins,
          nicolae_shop_trees, hangedman_ru_absence, uniq_harold
D:12:     hiddenorc2_lemuel, lightli_corner_chamber, uniq_psyche
Temple:   hc_temple_tempest_star
